 Dungeon Crawl Stone Soup version 0.24.0-2-g5b39cebb1c (webtiles) character file.

Game seed: 11049424063044062218, levelgen mode: deterministic

130 Mrkan the Skirmisher (level 4, -1/41 HPs)
             Began as a Minotaur Fighter on Oct 29, 2019.
             Was an Initiate of Dithmenos.
             Slain by a worker ant (3 damage)
             ... on level 6 of the Dungeon.
             The game lasted 00:03:19 (1875 turns).

Mrkan the Skirmisher (Minotaur Fighter)             Turns: 1875, Time: 00:03:19

Health: -1/41      AC:  7    Str: 21    XL:     4   Next: 90%
Magic:  3/3        EV:  7    Int:  5    God:    Dithmenos [......]
Gold:   120        SH:  9    Dex: 10    Spells: 3/3 levels left

rFire    . . .     SeeInvis .   a - +0 war axe
rCold    . . .     Gourm    .   c - +0 shield
rNeg     . . .     Faith    .   b - +0 scale mail
rPois    .         Spirit   .   (helmet restricted)
rElec    .         Reflect  .   (no cloak)
rCorr    .         Harm     .   (no gloves)
MR       .....                  (no boots)
Stlth    ..........             (no amulet)
HPRegen  0.13/turn              (no ring)
MPRegen  0.08/turn              (no ring)

@: no status effects
A: retaliatory headbutt, horns 2
a: Renounce Religion


You were on level 6 of the Dungeon.
You worshipped Dithmenos.
Dithmenos was noncommittal.
You were not hungry.

You visited 1 branch of the dungeon, and saw 4 of its levels.

You collected 120 gold pieces.

Inventory:

Hand Weapons
 a - a +0 war axe (weapon)
Missiles
 l - 5 silver javelins (quivered)
 s - 14 poisoned darts
Armour
 b - a +0 scale mail (worn)
 c - a +0 shield (worn)
Scrolls
 e - a scroll of blinking {unknown}
 i - 2 scrolls of teleportation {unknown}
 m - 2 scrolls of identify {unknown}
 q - a scroll of enchant weapon {unknown}
 r - a scroll of fog {unknown}
 t - a scroll of amnesia {unknown}
 u - a scroll of enchant armour {unknown}
 w - a scroll of remove curse {unknown}
Potions
 d - a potion of might
 g - a potion of flight {unknown}
 h - 3 potions of curing {unknown}
 j - 2 potions of haste {unknown}
 k - a potion of berserk rage {unknown}
 o - a potion of degeneration {unknown}
 p - a potion of brilliance {unknown}
 v - a potion of lignification {unknown}
Comestibles
 f - 8 rations


   Skills:
 + Level 4.4 Fighting
 * Level 4.3 Axes
 + Level 4.4 Armour
 + Level 4.4 Shields


You had 3 spell levels left.
You didn't know any spells.
Your spell library was empty.

Dungeon Overview and Level Annotations

Branches:
Dungeon (3/15)

Altars:
Dithmenos


Innate Abilities, Weirdness & Mutations

You reflexively headbutt those who attack you in melee.
You have a pair of horns on your head.


Message History

You block the adder's attack. You block the worker ant's attack.
You closely miss the adder.
The adder is almost dead.
You barely miss the worker ant.
You feel sick.
You are no longer poisoned.
The adder bites you.
* * * LOW HITPOINT WARNING * * *
You block the worker ant's attack. You block the adder's attack.
You hit the adder.
You kill the adder!
Dithmenos accepts your kill.
You hit the worker ant but do no damage.
The worker ant bites you.
* * * LOW HITPOINT WARNING * * *
The worker ant bites you but does no damage.
Okay, then.
You slash the worker ant! You headbutt the worker ant.
The worker ant is severely wounded.
The worker ant bites you.
You die...

... ... ... ##
#.## #.##..## ..
. .##......# ...#
...........#...#
.....##........#
.......@a.......#
......##........#
..... .........#
.... .#........#
... #.........##
.. # .......## .
.........#
#..##...##


You could see a worker ant.

Vanquished Creatures
  7 adders
  An ooze (D:3)
  2 worms (D:2)
  3 dart slugs
  A giant cockroach (D:1)
  7 goblins
  8 hobgoblins
  A jackal (D:2)
  4 kobolds
  A quokka (D:2)
  8 bats
  4 frilled lizards
  5 rats
52 creatures vanquished.

Notes
Turn   | Place    | Note
-------+----------+-------------------------------------------
     0 | D:1      | Mrkan the Minotaur Fighter began the quest for the Orb.
     0 | D:1      | Reached XP level 1. HP: 19/19 MP: 0/0
    90 | D:1      | Reached XP level 2. HP: 19/27 MP: 1/1
   976 | D:2      | Reached XP level 3. HP: 33/33 MP: 2/2
  1257 | D:2      | Found a shadowy altar of Dithmenos.
  1317 | D:2      | Reached XP level 4. HP: 34/40 MP: 3/3
  1811 | D:2      | Became a worshipper of Dithmenos the Shadowed
  1867 | D:3      | You fall into a shaft and drop 3 floors!
  1874 | D:6      | HP: 2/41 [worker ant (2)]
  1875 | D:6      | Slain by a worker ant

Levels and vault maps discovered:
D:1:      minmay_arrival_nine_rooms, layout_basic
D:2:      layout_basic, nicolae_dithmenos_shadow_blocks, first_ration,
          minmay_strange_pillars, minmay_increasing_density
D:3:      layout_basic, wad_woods_river_04, minmay_misc_feat_plants,
          minmay_misc_feat_four_crosses
D:6:      layout_cave_pools, elyvilon_altar_3, amethyst_overflow_temple_binary,
          chequers_serial_rivers_large_a, st_stairs_10

Skill      XL: |  1  2  3  4 |
---------------+-------------+-----
Axes           | 3 4 |  4.3
Fighting       | 4 |  4.4
Armour         | 4 |  4.4
Shields        | 4 |  4.4

Action                   |  1- 3 |  4- 6 || total
-------------------------+-------+-------++-------
Melee: War axe           |    78 |    41 ||   119
       Headbutt          |    11 |     4 ||    15
  Eat: Chunk             |     1 |     2 ||     3
Armor: Scale mail        |    40 |    17 ||    57
Dodge: Dodged            |    30 |    16 ||    46
Block: Shield            |    41 |    21 ||    62
